 Dungeon Crawl Stone Soup version 0.30-a0-840-ga523dec638 (webtiles) character file.

Game seed: 15463531100057201935

1411 bande the Chopper (level 8, -6/50 HPs)
             Began as a Gargoyle Fighter on Mar 1, 2023.
             Was a Believer of Okawaru.
             Mangled by an ogre
             ... wielding a +0 giant spiked club
              (22 damage)
             ... on level 6 of the Dungeon on Mar 2, 2023.
             The game lasted 00:07:38 (5891 turns).

bande the Chopper (Gargoyle Fighter)                Turns: 5891, Time: 00:07:38

Health: -6/50      AC: 22    Str: 21    XL:     8   Next: 70%
Magic:  11/11      EV:  7    Int:  8    God:    Okawaru [**....]
Gold:   310        SH:  5    Dex: 11    Spells: 7/7 levels left

rFire   + . .      SeeInvis .    a - +1 war axe
rCold   . . .      Faith    +    c - +0 buckler
rNeg    + . .      Spirit   .    v - +0 chain mail
rPois   ∞          Reflect  .    g - +2 hat
rElec   +          Harm     .    q - +0 cloak
rCorr   .          Rampage  .    (no gloves)
Will    .....                    (no boots) Stlth
                                 y - amulet of faith
HPRegen 0.28/turn                e - ring of protection from fire
MPRegen 0.12/turn                z - +4 ring of protection

@: no status effects
A: sickness immunity, AC +5, negative energy resistance 1, electricity
resistance, torment resistance 1, petrification resistance
a: Renounce Religion, Heroism


You were on level 6 of the Dungeon.
You worshipped Okawaru.
Okawaru was pleased with you.
You visited 1 branch of the dungeon, and saw 6 of its levels.

You collected 310 gold pieces.

Inventory:

Hand Weapons
 a - a +1 war axe (weapon)
 u - a +2 flail of holy wrath
Armour
 c - a +0 buckler (worn)
 g - a +2 hat (worn)
 q - a +0 cloak (worn)
 v - a +0 chain mail (worn)
Jewellery
 e - a ring of protection from fire (left hand)
 h - a ring of protection from fire
 o - a ring of see invisible
 p - a ring of protection from cold
 y - an amulet of faith (around neck)
 z - a +4 ring of protection (right hand)
Wands
 n - a wand of mindburst (6)
 r - a wand of digging (4)
 x - a wand of light (3)
Scrolls
 j - a scroll of enchant weapon
 k - 2 scrolls of enchant armour
 s - 3 scrolls of teleportation
 C - a scroll of identify
Potions
 b - a potion of mutation
 d - a potion of might
 f - 4 potions of curing
 i - a potion of invisibility
 l - a potion of cancellation
 m - a potion of haste {unknown}
 t - a potion of ambrosia {unknown}
 w - 2 potions of heal wounds {unknown}
 A - a potion of attraction {unknown}


   Skills:
 + Level 5.4 Fighting
 + Level 6.4 Axes
 + Level 5.7 Armour
 - Level 0.2 Stealth
 + Level 4.6 Shields
 * Level 4.0 Invocations
 * Level 1.1 Evocations


You had 7 spell levels left.
You didn't know any spells.
Your spell library contained the following spells:

 Spells                   Type           Power      Damage    Failure   Level
 Hailstorm                Conj/Ice       0%         3d3       100%        3
 Ice Form                 Ice/Tmut       0%         N/A       100%        4
 Simulacrum               Ice/Necr       Unusable   N/A       N/A         6

Dungeon Overview and Level Annotations

Branches:
Dungeon (6/15)
 Temple: D:4-7

Altars:
Fedhas
Kikubaaqudgha
Okawaru


Innate Abilities, Weirdness & Mutations

You are immune to sickness and miasma.
Your stone body is resilient. (AC +5)
You are immune to poison.
You resist negative energy. (rN+)
You are resistant to electric shocks. (rElec)
You are resistant to unholy torment.
You are immune to petrification.


Message History

You finish putting on your amulet of faith.
You feel a surge of divine interest.
y - an amulet of faith (around neck)
Found 2 potions of mutation.
Found a stone staircase leading down.
You closely miss the hound.
The hound stops to sniff the ground.
The hound bites you but does no damage.
An ogre comes into view. It is wielding a +0 giant spiked club.
You block the hound's attack.
You slash the hound!
The hound is almost dead.
The hound bites you but does no damage. x2
You slash the hound!
You kill the hound!
Okawaru accepts your kill.
A gnoll comes into view. It is wielding a +0 spear.
You see here a hound corpse.
You barely miss the ogre.
The ogre hits you with a +0 giant spiked club!
You hit the ogre.
The ogre is lightly wounded.
The ogre hits you with a +0 giant spiked club!
The gnoll hits you but does no damage.
You are too injured to fight recklessly!
You are too injured to fight recklessly!
You are too injured to fight recklessly!
You are too injured to fight recklessly!
You are too injured to fight recklessly!
You are too injured to fight recklessly!
You are too injured to fight recklessly!
You slash the ogre!
The ogre is moderately wounded.
The ogre hits you with a +0 giant spiked club!
The gnoll barely misses you.
Unknown command.
You barely miss the ogre.
The ogre is moderately wounded.
The gnoll hits you but does no damage.
The ogre hits you with a +0 giant spiked club!!
You die...

#..# #...#
#...#
####...###
#.........
#......#
#.<....#
##.....##
#..†@O.#
#...........
#...g.......
#............
.!.#......#..#
..###..........
... ..>........
.. ...........


You could see an ogre and a gnoll.

Vanquished Creatures
  A steam dragon (D:4)
  Edmund (D:4)
  Duvessa (D:4)
  An ice beast (D:4)
  Blork the orc (D:4)
  A necrophage (D:5)
  5 scorpions
  Dowan (D:4)
  6 hounds
  An orc priest (D:5)
  Crazy Yiuf (D:3)
  Ijyb (D:3)
  Terence (D:3)
  Robin (D:3)
  3 gnolls (D:4)
  4 adders
  An ufetubus (D:5)
  3 worms
  2 dart slugs
  7 orcs
  9 endoplasms
  17 goblins
  11 hobgoblins
  5 jackals (D:3)
  4 quokkas
  6 ball pythons
  6 bats
  3 frilled lizards
  8 kobolds
  22 rats
134 creatures vanquished.

Notes
Turn   | Place    | Note
-------+----------+-------------------------------------------
     0 | D:1      | bande the Gargoyle Fighter began the quest for the Orb.
     0 | D:1      | Reached XP level 1. HP: 14/14 MP: 1/1
   115 | D:1      | Reached XP level 2. HP: 19/19 MP: 2/2
   184 | D:1      | Reached skill level 2 in Axes
   353 | D:1      | You fall into a shaft and drop 1 floor!
   363 | D:2      | Reached XP level 3. HP: 24/24 MP: 3/3
   863 | D:2      | Reached XP level 4. HP: 29/29 MP: 4/4
  1217 | D:3      | Found an iron altar of Okawaru.
  1223 | D:3      | Noticed a scorpion
  1234 | D:3      | Killed a scorpion
  1235 | D:3      | Reached skill level 3 in Axes
  1235 | D:3      | Reached XP level 5. HP: 23/33 MP: 5/5
  1376 | D:3      | Became a worshipper of Warmaster Okawaru
  1432 | D:3      | Noticed Terence
  1438 | D:3      | Killed Terence
  1439 | D:3      | Reached skill level 1 in Invocations
  1496 | D:3      | Noticed Robin
  1506 | D:3      | Reached XP level 6. HP: 31/38 MP: 6/6
  1517 | D:3      | Killed Robin
  1707 | D:3      | Reached skill level 4 in Axes
  1941 | D:3      | Found a blossoming altar of Fedhas.
  2122 | D:3      | Found a runed translucent door.
  2123 | D:3      | Noticed Crazy Yiuf
  2215 | D:3      | Noticed Ijyb
  2232 | D:3      | Killed Ijyb
  2820 | D:3      | Killed Crazy Yiuf
  3016 | D:4      | Noticed Blork the orc
  3024 | D:4      | Killed Blork the orc
  3024 | D:4      | Reached * piety under Okawaru
  3334 | D:4      | Noticed an ice beast
  3345 | D:4      | Killed an ice beast
  3346 | D:4      | Reached XP level 7. HP: 22/44 MP: 8/8
  3467 | D:4      | Noticed a steam dragon
  3488 | D:4      | Killed a steam dragon
  3489 | D:4      | Reached skill level 5 in Axes
  4058 | D:4      | Noticed Dowan
  4060 | D:4      | Noticed Duvessa
  4077 | D:4      | Killed Duvessa
  4078 | D:4      | Reached skill level 5 in Fighting
  4078 | D:4      | Reached skill level 5 in Armour
  4078 | D:4      | Killed Dowan
  4079 | D:4      | Reached XP level 8. HP: 27/49 MP: 10/10
  4330 | D:4      | Found an ancient bone altar of Kikubaaqudgha.
  4587 | D:4      | Noticed Edmund
  4614 | D:4      | Killed Edmund
  4997 | D:5      | Entered Level 5 of the Dungeon
  5009 | D:5      | Reached skill level 6 in Axes
  5025 | D:5      | Reached ** piety under Okawaru
  5616 | D:5      | Reached skill level 1 in Evocations
  5891 | D:6      | Mangled by an ogre

Illustrated notes

Levels and vault maps discovered:
D:1:      minmay_arrival_shattered_statue, layout_basic, dk_noncrumbling_4,
          chequers_serial_rivers_marsh, hex_medium, st_stairs_9,
          minmay_pentomino_o4
D:2:      layout_rooms
D:3:      kennysheep_goblin_castle, layout_loops_ring,
          nicolae_overflow_crystal_walls, mainiacjoe_overflow_paths,
          uniq_crazy_yiuf_cottage, uniq_robin, uniq_terence
D:4:      layout_basic, kiku_gazebo_pond_becter, minmay_rat_hole, uniq_edmund,
          uniq_blork_the_orc, uniq_duvessa
D:5:      layout_loops_ring, chequers_serial_rivers_micro_c
D:6:      minmay_flawed_box, layout_cave_pools, trog_hazing_becter,
          temple_doors_e, serial_gnoll_camp, gnoll_camp_mini_loothouse,
          gnoll_camp_mini_doghouse, gnoll_camp_medium_02, gnoll_camp_mini_hut,
          kennysheep_minor_cross

Skill      XL: |  1  2  3  4  5  6  7  8 |
---------------+-------------------------+-----
Axes           | 2 3 4 5 6 |  6.4
Fighting       | 4 5 |  5.4
Armour         | 4 5 |  5.7
Invocations    | 1 2 3 4 |  4.0
Shields        | 4 |  4.6
Evocations     | 1 |  1.1
Stealth        | |  0.2

Action                     |  1- 3 |  4- 6 |  7- 9 || total
---------------------------+-------+-------+-------++-------
  Melee: War axe           |    70 |   150 |   203 ||   423
    Use: Scroll            |     7 |     2 |     3 ||    12
 Armour: Scale mail        |    59 |    81 |    75 ||   215
         Chain mail        |       |       |    40 ||    40
  Dodge: Dodged            |    37 |    70 |    91 ||   198
  Block: Buckler           |    16 |    34 |    60 ||   110

Table legend: (Time is in decaauts)
 A = Elapsed time spent in this place.
 B = Non-inter-level travel time spent in this place.
 C = Inter-level travel time spent in this place.
 D = Time resting spent in this place.
 E = Time spent auto-exploring this place.
 F = Levels seen in this place.
 G = Mean time per level.
                   A        B        C        D        E       F      G
               +--------+--------+--------+--------+--------+-----+--------+
         Total |   6025 |   5920 |    105 |   1850 |   2937 |   6 | 1004.2 |
       Dungeon |   6025 |   5920 |    105 |   1850 |   2937 |   6 | 1004.2 |
               +--------+--------+--------+--------+--------+-----+--------+

Top non-repeatable levels by time:
     D:4: 2033 daAuts
     D:3: 1844 daAuts
     D:5: 893 daAuts
     D:1: 704 daAuts
     D:2: 532 daAuts
     D:6: 17 daAuts
